 Dungeon Crawl Stone Soup version 0.19.0 (webtiles) character file.

932 Cacophonie the Basher (level 7, 0/52 HPs)
             Began as a Demonspawn Abyssal Knight on Nov 11, 2016.
             Was a Priest of Lugonu.
             Killed by a spatial distortion (4 damage)
             ... on level 5 of the Dungeon.
             The game lasted 00:24:57 (6220 turns).

Cacophonie the Basher (Demonspawn Abyssal Knight)   Turns: 6220, Time: 00:24:57

Health: 0/52       AC: 11    Str: 14    XL:     7   Next: 86%
Magic:  8/8        EV:  9    Int: 16    God:    Lugonu [***...]
Gold:   205        SH:  4    Dex: 13    Spells: 0 memorised, 6 levels left

rFire  + . .     SeeInvis .     l - +0 flail
rCold  + . .     Gourm    .     r - +0 ring mail
rNeg   . . .     Faith    .     y - +1 buckler of Time Monsters {rPois rF+ Int+3}
rPois  +         Spirit   .     (no helmet)
rElec  .         Reflect  .     (no cloak)
rCorr  .         Harm     .     (no gloves)
MR     .....                    (no boots)
Stlth  +.........               (no amulet)
                                (no ring)
                                z - ring of protection from cold

@: sanguine armour
A: powered by death 2, rot immunity, sanguine armour 1
a: Depart the Abyss, Bend Space, Banish, Renounce Religion


You were on level 5 of the Dungeon.
You worshipped Lugonu.
Lugonu was most pleased with you.
You were hungry.

You visited 1 branch of the dungeon, and saw 6 of its levels.
You visited the Abyss 1 time.
You also visited: Ossuary.

You collected 205 gold pieces.


Message History

The bullfrog barely misses you! The bullfrog hits you! * * * don't die
* * * Space bends around you!!!
You blink! * * * don't die * * * 2 skeletons come into view!
The howler monkey skeleton hits you but does no damage!
The howler monkey skeleton hits you but does no damage!
An ogre comes into view! It is wielding a giant spiked club!
The ogre shouts!!!
The adder skeleton bites you but does no damage!
The adder skeleton barely misses you!
A frilled lizard comes into view!
The adder skeleton closely misses you! You block the bullfrog's attack!
The bullfrog hits you! * * * don't die
* * * The bullfrog hits you but does no damage!
Space bends around you!!!
You blink! rip

#..#.###.....##.......#......#
#..#.###.....##.......#......#
#..#..........'.......#......#
##..#######.#.##.......#......#
#......#...............#......##
##........l.#.#........########.
##...###.####.#........# #####.
#....# #..Z.Z.#.##'#...# #.....
###l###########@##.#..#####....#
#.O..ZZF§.....##+#<.....+.....
###############...).#####....#
#.....'...#....#
###.....###.#....# #.......#
#.###### #.......# #.# #.......#
#.# #.......# #.#


You could see a bullfrog and an adder skeleton.

Inventory:

Hand Weapons
 a - a +1 mace
 k - a cursed -2 hunting sling
 l - a +0 flail (weapon)
 B - a +0 morningstar
Missiles
 g - 93 stones (quivered)
 q - 44 arrows
 w - 5 tomahawks of returning
Armour
 b - a +0 leather armour
 i - a +0 scale mail
 r - a +0 ring mail (worn)
 u - a +0 chain mail
 y - the +1 buckler of Time Monsters (worn) {rPois rF+ Int+3}
   (You found it on level 5 of the Dungeon)

   It affects your intelligence (+3).
   It protects you from fire.
   It protects you from poison.
Jewellery
 z - a ring of protection from cold (left hand)
Wands
 s - a wand of enslavement (12/24)
 x - a wand of slowing (25/48)
 D - a wand of disintegration (11/24)
Scrolls
 v - 4 scrolls of remove curse
Potions
 d - a potion of flight
 e - 2 potions of heal wounds {unknown}
 h - a potion of beneficial mutation {unknown}
 m - 2 potions of ambrosia
 n - a potion of mutation {unknown}
 o - 2 potions of curing
 p - 2 potions of lignification {unknown}
 A - a potion of haste {unknown}
Comestibles
 c - 3 bread rations
 f - 4 fruits
 j - 3 meat rations


   Skills:
 - Level 3.0 Fighting
 + Level 8.5 Maces & Flails
 - Level 1.7 Armour
 - Level 0.8 Dodging
 - Level 2.4 Invocations


You had 6 spell levels left.
You didn't know any spells.


Innate Abilities, Weirdness & Mutations

You regenerate health from kills.
You are immune to rotting.
When seriously injured, your bleeding wounds create armour. (AC +6)

Dungeon Overview and Level Annotations

Branches:
Dungeon (6/15)
 Temple: D:4-7

Altars:
Fedhas
Trog
Vehumet

Annotations:
D:6 Menkaure

Vault maps used:
D:1:      lemuel_arrival_muddy
D:3:      lemuel_round_altar, lightli_temple_of_fire, ecumenical_altar_1,
          nrook_mini_vaults, hangedman_glass_teeth, minmay_fountain_box,
          grunt_ministairs_9
D:4:      enter_ossuary_2, first_bread
D:5:      minmay_misc_feat_four_crosses
D:6:      old_standard_altar, kennysheep_little_box,
          minmay_overflow_temple_star_quad, basic_altar,
          kennysheep_generic_room_14, uniq_menkaure, uniq_prince_ribbit1
Ossuary:  ossuary_kennysheep_city_of_the_dead

Vanquished Creatures
  2 ogres
  A centaur (D:5)
  A scorpion (D:4)
  A howler monkey (D:4)
  A centaur zombie (D:5)
  A crimson imp (D:5)
  A hound (D:4)
  A centaur skeleton (D:3)
  2 orc priests
  A bullfrog skeleton (D:4)
  A human zombie (Ossuary)
  3 orc wizards
  2 worker ants
  A big kobold zombie (Ossuary)
  A hound skeleton (D:4)
  A mummy (Ossuary)
  A howler monkey zombie (D:6)
  3 gnolls (D:3)
  A howler monkey skeleton (D:4)
  5 adders
  3 worms
  A leopard gecko (D:4)
  15 orcs
  3 giant cockroaches
  2 gnoll zombies (Ossuary)
  2 goblins
  10 hobgoblins
  5 jackals
  A ball python (D:4)
  9 bats
  3 frilled lizards
  4 goblin zombies (Ossuary)
  2 hobgoblin zombies (Ossuary)
  9 kobolds
  2 kobold zombies (Ossuary)
  3 leopard gecko skeletons
  12 rats
117 creatures vanquished.

Vanquished Creatures (others)
  A kobold zombie (Ossuary)
1 creature vanquished.

Grand Total: 118 creatures vanquished

Notes
Turn   | Place    | Note
-------+----------+-------------------------------------------
     0 | Abyss:1  | Cacophonie the Demonspawn Abyssal Knight began the quest for the Orb.
     0 | Abyss:1  | Reached XP level 1. HP: 18/18 MP: 2/2
    63 | Abyss:1  | Noticed a large abomination
    64 | D:1      | Escaped the Abyss
   171 | D:1      | Reached skill level 2 in Maces & Flails
   443 | D:1      | Gained mutation: When seriously injured, your bleeding wounds create armour. (AC +6) [demonic ancestry]
   443 | D:1      | Reached XP level 2. HP: 24/24 MP: 3/3
   681 | D:2      | Reached * piety under Lugonu
   845 | D:2      | Reached skill level 3 in Maces & Flails
   852 | D:2      | Reached XP level 3. HP: 8/29 MP: 4/4
  1648 | D:3      | Reached skill level 4 in Maces & Flails
  1648 | D:3      | Reached XP level 4. HP: 23/35 MP: 5/5
  2115 | D:3      | Found a faded altar of an unknown god.
  2216 | D:3      | Gained mutation: You regenerate a little health from kills. [demonic ancestry]
  2216 | D:3      | Reached XP level 5. HP: 41/41 MP: 6/6
  2295 | D:3      | Reached ** piety under Lugonu
  2578 | D:3      | Reached skill level 5 in Maces & Flails
  2623 | D:3      | Found a radiant altar of Vehumet.
  3149 | D:3      | Found a bloodstained altar of Trog.
  3432 | D:4      | Gained mutation: You are immune to rotting. [demonic ancestry]
  3432 | D:4      | Reached XP level 6. HP: 47/47 MP: 7/7
  3510 | D:4      | Reached skill level 6 in Maces & Flails
  3810 | D:4      | Found a sand-covered staircase.
  3821 | Ossuary  | Entered an ossuary
  3821 | Ossuary  | Noticed a wraith
  3821 | Ossuary  | Noticed a wraith
  3821 | Ossuary  | Noticed a wraith
  3822 | Ossuary  | this is not a good sign
  3875 | Ossuary  | HP: 1/47 [mummy (4)]
  4428 | Ossuary  | Noticed a wraith
  4457 | Ossuary  | screw this I'm outta here
  4493 | D:4      | HP: 2/47 [ogre/giant club (16)]
  4497 | D:4      | Reached skill level 7 in Maces & Flails
  4497 | D:4      | Gained mutation: You regenerate health from kills. [demonic ancestry]
  4497 | D:4      | Reached XP level 7. HP: 2/52 MP: 8/8
  4809 | D:5      | Entered Level 5 of the Dungeon
  4966 | D:5      | Got a shimmering buckler
  4972 | D:5      | Identified the +1 buckler of Time Monsters {rPois rF+ Int+3} (You found it on level 5 of the Dungeon)
  4972 | D:5      | heaven
  5000 | D:5      | Reached *** piety under Lugonu
  5652 | D:5      | Reached skill level 8 in Maces & Flails
  6087 | D:6      | Found a blossoming altar of Fedhas.
  6167 | D:6      | Noticed Menkaure
  6220 | D:5      | Killed by a spatial distortion
